AoeStats
← tobenderwolf05

Fortress

508470067Analyzed
4v4 RM · 9d ago on Sep 22, 2026· 43m 55s· 8 players
Game mode
Random Map
Map size
Huge
Population
200
Speed
Normal
Resources
Standard
Victory
Conquest
Starting age
Dark Age
Ending age
Imperial Age
RankedLock teamsTeams togetherTeam positionsShared explorationLock speedFull tech treeHidden civsTurbo modeCheats
Victory
Defeat
🇦🇹 Danes · Austria
921
+27
🇦🇹 Saxons · Austria
919
+27
🇦🇹 Khmer · Austria
915
+18
🇫🇷 Tatars · France
895
+19
🇩🇰 Vikings · Denmark
990
-19
🇩🇪 Varangians · Germany
971
-19
🇦🇷 Turks · Argentina
955
-18
🇩🇪 Berbers · Germany
921
-17
ADORNI
7:23 Loom
9:11 Feudal Age
13:58 Horse Collar
16:40 Castle Age
14:36 Double-Bit Axe
15:08 Gold Mining
16:05 Padded Archer Armor
16:20 Bloodlines
21:46 Imperial Age
21:27 Wheelbarrow
25:42 Bow Saw
27:00 Hand Cart
27:46 Heavy Plow
30:14 Scale Barding Armor
30:20 Forging
32:38 Chain Barding Armor
32:54 Iron Casting
36:08 Conscription
b1200
10:01 Feudal Age
10:39 Double-Bit Axe
10:37 Horse Collar
12:01 Wheelbarrow
11:34 Loom
12:37 Gold Mining
12:45 Stone Mining
15:39 Castle Age
14:42 Town Watch
15:28 Forging
15:23 Scale Barding Armor
16:35 Bow Saw
17:45 Bloodlines
18:13 Iron Casting
17:58 Chain Barding Armor
18:24 Heavy Plow
20:55 Hand Cart
24:19 Husbandry
24:44 Chain Barding Armor
24:18 Fletching
27:39 Gold Shaft Mining
30:50 Imperial Age
28:28 Kasbah
28:17 Man-at-Arms
30:42 Bodkin Arrow
32:17 Conscription
32:05 Long Swordsman
32:47 Squires
32:18 Onager
32:47 Two-Handed Swordsman
33:43 Champion
maltheh9797
8:10 Feudal Age
9:41 Double-Bit Axe
12:05 Castle Age
13:02 Horse Collar
13:36 Bow Saw
17:34 Loom
19:58 Forging
22:17 Scale Mail Armor
22:17 Man-at-Arms
23:58 Long Swordsman
25:53 Squires
28:37 Chain Mail Armor
31:42 Imperial Age
30:05 Gold Mining
30:55 Treadmill Crane
32:14 Iron Casting
32:03 Two-Handed Swordsman
32:10 Elite Varangian Guard
32:18 Capped Ram
33:05 Chieftains
33:29 Conscription
33:00 Champion
35:23 Siege Ram
36:43 Elite Skirmisher
42:02 Blast Furnace
41:08 Scale Barding Armor
42:32 Onager
44:58 Plate Mail Armor
44:19 Fletching
tobenderwolf05
8:53 Feudal Age
12:45 Castle Age
10:31 Loom
10:52 Horse Collar
11:11 Double-Bit Axe
12:03 Gold Mining
12:34 Scale Barding Armor
12:40 Forging
15:05 Heavy Plow
16:49 Stone Mining
22:59 Bow Saw
23:32 Stone Shaft Mining
24:43 Chain Barding Armor
24:59 Iron Casting
27:09 Treadmill Crane
27:25 Murder Holes
27:40 Masonry
27:51 Ballistics
27:42 Fortified Wall
28:27 Wheelbarrow
27:38 Town Watch
29:41 Caravan
31:06 Padded Archer Armor
30:56 Fletching
31:26 Hand Cart
31:12 Town Patrol
35:07 Imperial Age
32:55 Leather Archer Armor
33:53 Bodkin Arrow
34:38 Light Cavalry
35:28 Bloodlines
35:19 Husbandry
35:18 Cranequins
36:40 Plate Barding Armor
37:05 Blast Furnace
37:13 Conscription
36:59 Heavy Mounted Crossbowman
37:59 Bracer
38:30 Ring Archer Armor
37:45 Elite Jarl
38:13 Gothikon
Mateescu122121
7:44 Feudal Age
11:39 Castle Age
9:28 Double-Bit Axe
9:38 Horse Collar
15:21 Bow Saw
18:53 Heavy Plow
18:41 Loom
19:38 Wheelbarrow
21:06 Hand Cart
21:04 Town Watch
21:37 Gold Mining
21:38 Stone Mining
22:26 Fortified Wall
23:15 Caravan
24:14 Gold Shaft Mining
23:52 Gambesons
24:08 Squires
23:54 Arson
24:00 Gambesons
25:46 Scale Mail Armor
28:21 Imperial Age
27:05 Chain Mail Armor
27:31 Forging
27:13 Fletching
27:45 Ballistics
27:06 Treadmill Crane
27:24 Murder Holes
29:34 Iron Casting
29:00 Bodkin Arrow
29:11 Elite Varangian Guard
30:30 Plate Mail Armor
29:38 Capped Ram
30:49 Conscription
30:00 Shield Wall
32:52 Guilds
32:40 Siege Ram
37:34 Bracer
42:59 Elite Hearth Troop
44:16 Hoardings
Pat-Rick4991
2:52 Loom
6:59 Feudal Age
9:25 Double-Bit Axe
9:23 Horse Collar
15:04 Castle Age
15:07 Wheelbarrow
14:17 Town Watch
14:27 Arson
17:49 Bow Saw
20:48 Hand Cart
20:34 Town Patrol
28:22 Pikeman
29:33 Tusk Swords
30:29 Murder Holes
30:55 Ballistics
30:25 Heated Shot
30:46 Fortified Wall
30:49 Forging
30:39 Scale Mail Armor
32:46 Fletching
32:56 Padded Archer Armor
33:40 Iron Casting
33:33 Chain Mail Armor
33:32 Scale Barding Armor
39:58 Imperial Age
37:08 Crossbowman
40:19 Halberdier
xburnmanager
9:19 Feudal Age
10:54 Double-Bit Axe
10:54 Horse Collar
15:12 Castle Age
13:15 Arson
13:46 Forging
13:38 Scale Mail Armor
17:55 Bow Saw
17:49 Heavy Plow
20:32 Caravan
20:44 Gold Mining
20:46 Stone Mining
23:24 Hamask
31:33 Gold Shaft Mining
31:33 Stone Shaft Mining
33:38 Iron Casting
33:19 Chain Mail Armor
35:35 Scale Barding Armor
38:04 Imperial Age
36:12 Wheelbarrow
35:24 Loom
35:28 Town Watch
38:09 Elite Jomsviking
38:23 Northmen's Fury
39:09 Onager
42:40 Blast Furnace
42:10 Plate Mail Armor
42:43 Chemistry
42:04 Ballistics
41:24 Siege Onager
[CH-FR]Frog
8:36 Feudal Age
10:01 Wheelbarrow
9:14 Double-Bit Axe
9:12 Horse Collar
13:03 Gold Mining
16:47 Castle Age
15:36 Scale Barding Armor
16:30 Bloodlines
16:56 Fletching
18:40 Hand Cart
19:34 Bow Saw
21:47 Husbandry
21:08 Light Cavalry
22:15 Heavy Plow
25:57 Caravan
27:46 Ballistics
28:15 Padded Archer Armor
29:23 Gold Shaft Mining
30:18 Silk Armor
31:05 Fortified Wall
31:51 Treadmill Crane
32:25 Masonry
32:49 Fervor
32:50 Bodkin Arrow
33:17 Chain Barding Armor
34:27 Leather Archer Armor
40:33 Imperial Age
38:02 Murder Holes
38:35 Forging
40:54 Heavy Cavalry Archer
43:11 Conscription
43:05 Timurid Siegecraft
42:24 Hussar
Connection lost

Rejoining the realm…

Still unreachable

The connection could not be restored.

Session expired

The server has moved on; the page needs a fresh start.